 Dungeon Crawl Stone Soup version 0.17.0 (webtiles) character file.

12294 tetracat the Basher (level 12, -4/102 HPs)
             Began as a Formicid Wanderer on Nov 10, 2015.
             Was a High Priest of Okawaru.
             Slain by a giant leech (16 damage)
             ... on level 3 of the Lair of Beasts.
             The game lasted 00:24:51 (15831 turns).

tetracat the Basher (Formicid Wanderer)            Turns: 15831, Time: 00:24:52

Health: -4/102     AC: 16    Str: 21    XL:     12   Next: 18%
Magic:  4/5        EV:  7    Int: 15    God:    Okawaru [*****.]
Gold:   741        SH:  5    Dex:  8    Spells: 4 memorised, 5 levels left

rFire  + + .     SeeInvis +     v - +4 lajatang "Tuiphyune" {antimagic, rF+ rN+}
rCold  x . .     Clarity  .     O - +0 plate armour
rNeg   + . .     SustAt   .     I - +0 buckler
rPois  .         Gourm    +     (helmet unavailable)
rElec  .         Spirit   .     (no cloak)
rCorr  .         Warding  .     K - +1 pair of gloves
rMut   .         Stasis   +     s - +0 pair of boots
MR     ++...                    a - amulet of the gourmand
Stlth  ..........               C - ring of fire
                                m - ring of protection from magic

@: lethally poisoned (-4 -> -6), heroism, very resistant to hostile
enchantments, extremely unstealthy
A: permanent stasis, dig shafts and tunnels, four strong arms, antennae 3,
hooves 1, low mp 1, robust 1, wild magic 1
a: Dig, Shaft Self, Heroism, Renounce Religion


You were on level 3 of the Lair of Beasts.
You worshipped Okawaru.
Okawaru was extremely pleased with you.
You were very full.

You visited 3 branches of the dungeon, and saw 15 of its levels.
You also visited: Ossuary.

You collected 741 gold pieces.

Inventory:

Hand Weapons
 v - the +4 lajatang "Tuiphyune" (weapon) {antimagic, rF+ rN+}
   (Okawaru gifted it to you on level 1 of the Lair of Beasts)

   It disrupts the flow of magical energy around spellcasters and certain
   magical creatures (including the wielder).
   It protects you from fire.
   It protects you from negative energy.
 y - a +2 morningstar of venom
 M - a cursed +0 battleaxe
Missiles
 p - 6 javelins (quivered)
Armour
 s - a +0 pair of boots (worn)
 x - a +0 pair of gloves
 I - a +0 buckler (worn)
 K - a +1 pair of gloves (worn)
 O - a +0 plate armour (worn)
Jewellery
 a - an amulet of the gourmand (around neck)
 m - a ring of protection from magic (left hand)
 o - an uncursed amulet of guardian spirit
 C - a ring of fire (right hand)
Wands
 D - a wand of fireball (12)
 G - a wand of fire (11)
Scrolls
 c - a scroll of recharging {unknown}
 f - 5 scrolls of identify
 g - 8 scrolls of remove curse
 k - 2 scrolls of fear {unknown}
 l - 5 scrolls of fog
 r - 2 scrolls of amnesia
 t - a scroll of noise {unknown}
 u - 3 scrolls of enchant weapon
 w - a scroll of blinking {unknown}
 z - 3 scrolls of magic mapping
 A - a scroll of vulnerability {unknown}
 E - 2 scrolls of enchant armour {unknown}
 H - a scroll of immolation {unknown}
Potions
 b - 4 potions of lignification
 e - 3 potions of agility
 h - a potion of ambrosia {unknown}
 i - 3 potions of heal wounds
 j - a potion of curing {unknown}
 n - a potion of might
 q - a potion of flight
 L - a potion of mutation {unknown}
Comestibles
 d - 12 bread rations
 B - 2 meat rations
 F - 3 slices of pizza


   Skills:
 - Level 8.2(13.2) Fighting
 - Level 14.2(19.7) Maces & Flails
 + Level 6.6(16.4) Staves
 - Level 2.1(7.1) Armour
 - Level 2.4(7.4) Shields
 - Level 8.4 Invocations


You had 5 spell levels left.
You knew the following spells:

 Your Spells              Type           Power        Failure   Level  Hunger
a - Repel Missiles        Chrm/Air       #.....       100%        2    ###....
b - Swiftness             Chrm/Air       #.......     100%        2    ###....
c - Summon Butterflies    Summ           #.......     100%        1    ##.....
d - Apportation           Tloc           #.........   100%        1    ##.....


Dungeon Overview and Level Annotations

Branches:
Dungeon (11/15)            Temple (1/1) D:5            Lair (3/8) D:9
    Orc (0/4) D:10
  Swamp: Lair:3-6    Shoals: Lair:3-6     Snake: Lair:3-6    Spider: Lair:3-6

Altars:
Ashenzari
Cheibriados
Dithmenos
Elyvilon
Gozag
Makhleb
Nemelex Xobeh
Okawaru
Qazlal
Sif Muna
Trog
Vehumet
Xom
Yredelemnul
Zin
The Shining One

Annotations:
D:8 Eucla's ghost, novice MiGl


Innate Abilities, Weirdness & Mutations

You are under a permanent stasis effect.
You can dig through walls and to a lower floor.
Your four strong arms can wield two-handed weapons with a shield.
You have a pair of large antennae on your head (SInv).
You have large cloven feet.
Your magical capacity is low (-10% MP).
You are robust (+10% HP).
Your spells are a little harder to cast, but a little more powerful.


Message History

You feel sick.
You slice the giant leech!!
The giant leech is heavily wounded.
The giant leech barely misses you.
You closely miss the giant leech.
The giant leech is heavily wounded.
You feel sick. The giant leech bites you!
* * * LOW HITPOINT WARNING * * *
You completely miss the giant leech.
The giant leech is heavily wounded.
You hit the giant leech.
The giant leech is heavily wounded.
You feel sick. The giant leech closely misses you.
The giant leech bites you but does no damage.
You slash the giant leech!
The giant leech is severely wounded.
You slash the giant leech!
The giant leech is almost dead.
You feel sick. The giant leech closely misses you. The giant leech bites you!
You die...

#.P# #### ##....
#..P#..PP.#.
....#......#
..P..#.P.P#
....P.....
#††...P...
#!..#...# #@P#..#
#ww.# # ###..##
#.....##### {
##........# {
♣........P# {
♣P........##
{{♣.....##...# { {
§......####.......


You could see 2 giant leeches.

Vanquished Creatures
  An unseen horror (D:10)
  A hill giant (D:10)
  2 spiny frogs
  3 komodo dragons (Lair:1)
  3 trolls
  Grinder (D:6)
  9 yaks
  A spriggan (D:7)
  2 wraiths
  2 hungry ghosts
  7 wolves
  2 hippogriffs
  4 water moccasins
  Duvessa (D:7)
  5 phantoms
  3 sky beasts
  4 orc warriors
  A porcupine (Lair:2)
  4 ice beasts
  4 ogres
  A big kobold (D:9)
  A crocodile (Lair:1)
  3 centaurs
  10 giant frogs
  Dowan (D:7)
  3 scorpions
  An electric eel (D:9)
  3 wights (D:6)
  6 crimson imps
  5 killer bees (D:8)
  A quasit (D:9)
  9 hounds
  A giant frog skeleton (D:7)
  2 jellies
  8 orc wizards
  A centaur skeleton (D:7)
  A gnoll shaman (D:9)
  13 worker ants
  4 iguanas
  2 hell rats (Lair:1)
  A killer bee zombie (D:7)
  5 sheep (Lair:3)
  2 mummies
  A worker ant zombie (D:8)
  5 gnolls (D:9)
  8 adders
  10 river rats (Lair:1)
  4 shadow imps
  An ooze (D:2)
  3 adder skeletons
  A worm (D:8)
  7 giant geckos
  27 orcs
  3 ball pythons
  10 bats
  6 giant cockroaches
  5 goblins
  8 hobgoblins
  17 jackals
  A giant newt (D:4)
  4 gnoll skeletons (Ossuary)
  A hobgoblin zombie (D:4)
  A jackal skeleton (D:7)
  8 kobolds
  7 kobold skeletons (Ossuary)
  14 orc skeletons (Ossuary)
  An orc zombie (D:4)
  2 quokkas
  A quokka zombie (D:7)
  6 rats
306 creatures vanquished.

Notes
Turn   | Place    | Note
--------------------------------------------------------------
     0 | D:1      | tetracat the Formicid Wanderer began the quest for the Orb.
     0 | D:1      | tetracat set off with: a +2 mace, a potion of lignification, a +0 ring mail, a bread ration
     0 | D:1      | Reached XP level 1. HP: 20/20 MP: 1/1
   209 | D:1      | Found a shimmering altar of Xom.
   210 | D:1      | Reached XP level 2. HP: 24/26 MP: 2/2
   427 | D:1      | Reached skill level 5 in Fighting
   894 | D:2      | Reached XP level 3. HP: 28/33 MP: 3/3
  1194 | D:2      | Reached skill level 6 in Fighting
  1194 | D:2      | Reached XP level 4. HP: 37/40 MP: 4/4
  1534 | D:2      | Found an iron altar of Okawaru.
  1669 | D:2      | Became a worshipper of Warmaster Okawaru
  2147 | D:3      | Reached XP level 5. HP: 32/47 MP: 5/5
  2520 | D:3      | Found a white marble altar of Elyvilon.
  2901 | D:4      | Reached skill level 7 in Fighting
  3009 | D:4      | Reached skill level 1 in Invocations
  3009 | D:4      | Reached XP level 6. HP: 43/55 MP: 5/7
  3325 | D:4      | Found a sand-covered staircase.
  3338 | Ossuary  | Entered an ossuary
  3338 | Ossuary  | Noticed a wraith
  3338 | Ossuary  | Noticed a wraith
  3338 | Ossuary  | Noticed a wraith
  3489 | Ossuary  | Noticed a wraith
  3512 | Ossuary  | Killed a wraith
  3512 | Ossuary  | Reached skill level 8 in Fighting
  3512 | Ossuary  | Reached XP level 7. HP: 50/62 MP: 8/8
  4215 | D:5      | Entered Level 5 of the Dungeon
  4536 | D:5      | Reached * piety under Okawaru
  5064 | D:5      | You fall through a shaft!
  5332 | D:6      | Reached skill level 5 in Maces & Flails
  5338 | D:6      | Reached XP level 8. HP: 68/68 MP: 9/9
  5374 | D:6      | Found a shadowy altar of Dithmenos.
  5374 | D:6      | Found a glowing golden altar of the Shining One.
  5505 | D:6      | Noticed Grinder
  5525 | D:6      | Killed Grinder
  5647 | D:6      | Reached ** piety under Okawaru
  5761 | D:6      | Found a shattered altar of Ashenzari.
  6108 | D:6      | Reached XP level 9. HP: 64/74 MP: 10/10
  6459 | D:6      | Reached skill level 9 in Maces & Flails
  6678 | D:5      | Found a staircase to the Ecumenical Temple.
  6687 | Temple   | Entered the Ecumenical Temple
  6993 | D:7      | Noticed Duvessa
  6993 | D:7      | Noticed Dowan
  7000 | D:7      | Killed Duvessa
  7000 | D:7      | Reached skill level 10 in Maces & Flails
  7025 | D:7      | Killed Dowan
  7313 | D:7      | Reached *** piety under Okawaru
  7750 | D:7      | Found a deep blue altar of Sif Muna.
  7765 | D:7      | Reached skill level 5 in Invocations
  7784 | D:7      | Reached XP level 10. HP: 77/80 MP: 13/13
  7793 | D:7      | Identified Sif Muna's Guide on Summoning
  8112 | D:8      | Reached skill level 11 in Maces & Flails
  8392 | D:8      | Found a burning altar of Makhleb.
  8397 | D:8      | Found a glowing silver altar of Zin.
  8397 | D:8      | Noticed an angel
  8397 | D:8      | Noticed a balrug
  8636 | D:8      | Found a snail-covered altar of Cheibriados.
  8637 | D:8      | Noticed Eucla's ghost (novice MiGl)
  8666 | D:8      | You fall through a shaft!
  9148 | D:9      | Reached **** piety under Okawaru
  9152 | D:9      | Gained mutation: You have large cloven feet. [potion of beneficial mutation]
  9158 | D:9      | Gained mutation: Your spells are a little harder to cast, but a little more powerful. [mutagenic meat]
  9159 | D:9      | Gained mutation: You are robust (+10% HP). [mutagenic meat]
  9160 | D:9      | Gained mutation: Your magical capacity is low (-10% MP). [mutagenic meat]
  9275 | D:9      | Found a staircase to the Lair.
 10550 | D:9      | Reached skill level 12 in Maces & Flails
 10752 | D:9      | Reached ***** piety under Okawaru
 10906 | D:9      | Reached XP level 11. HP: 91/94 MP: 15/15
 11046 | D:10     | Entered Level 10 of the Dungeon
 11601 | D:10     | Found a staircase to the Orcish Mines.
 11747 | D:10     | Noticed an unseen horror
 11749 | D:10     | Killed an unseen horror
 11749 | D:10     | Reached skill level 13 in Maces & Flails
 12199 | D:11     | Noticed a skeletal warrior
 12234 | D:10     | Noticed a hill giant
 12242 | D:10     | Killed a hill giant
 12313 | Lair:1   | Entered Level 1 of the Lair of Beasts
 12717 | D:8      | Found a snail-covered altar of Cheibriados.
 13147 | D:8      | Found a burning altar of Makhleb.
 13152 | D:8      | Found a glowing silver altar of Zin.
 13547 | Lair:1   | Received a gift from Okawaru
 13548 | Lair:1   | Got a steaming lajatang {god gift}
 13554 | Lair:1   | Reached skill level 14 in Maces & Flails
 13893 | Lair:1   | Identified the +4 lajatang "Tuiphyune" {antimagic, rF+ rN+} (Okawaru gifted it to you on level 1 of the Lair of Beasts)
 13902 | Lair:1   | Reached skill level 1 in Staves
 14074 | Lair:1   | Learned a level 2 spell: Repel Missiles
 14079 | Lair:1   | Learned a level 2 spell: Swiftness
 14082 | Lair:1   | Learned a level 1 spell: Summon Butterflies
 14085 | Lair:1   | Learned a level 1 spell: Apportation
 14224 | Lair:1   | HP: 3/94 [komodo dragon (25)]
 15073 | Lair:1   | Reached XP level 12. HP: 95/102 MP: 5/16
 15222 | Lair:1   | Reached skill level 5 in Staves
 15776 | Lair:2   | You fall through a shaft!
 15831 | Lair:3   | Slain by a giant leech

Action                   |  1- 3 |  4- 6 |  7- 9 | 10-12 || total
-------------------------+-------+-------+-------+-------++-------
Melee: Mace              |    76 |    54 |       |       ||   130
       Flail             |       |   101 |   226 |       ||   327
       Dire flail        |       |       |   162 |   183 ||   345
       Morningstar       |       |       |       |   294 ||   294
       Lajatang          |       |       |       |   178 ||   178
Invok: Heroism           |       |       |       |     3 ||     3
 Abil: Dig               |       |     1 |     1 |     5 ||     7
       Shaft Self        |       |       |     1 |     1 ||     2
  Use: Potion            |       |     1 |       |     7 ||     8
       Scroll            |       |       |       |     9 ||     9
  Eat: Chunk             |     1 |     6 |    21 |    26 ||    54
       Pizza             |       |     1 |       |       ||     1
       Beef jerky        |       |       |     1 |     1 ||     2
       Fruit             |       |       |       |     7 ||     7
       Royal jelly       |       |       |       |     1 ||     1
